Map: Ascension vers Aïur EC

Players

jabbawack

  • Race: Protoss Protoss
  • League: Gold
  • Spawn Location: 11:00

zidar - Winner!

  • Race: Zerg Zerg
  • League: Gold
  • Spawn Location: 5:00

VOD

Have the link to the VOD?

Description

Time

  • Played on: July 12, 2017, 3:31 p.m.
  • Length: 14:17
Show
View Real Time Build Order
Export as new Build Order

jabbawack Protoss 

Build Orders: Cannon Rush 

Get SALT Encoding   

  12  0:01  Probe (Chrono Boost)  
  13  0:20  Pylon  
  13  0:22  Probe (Chrono Boost)  
  14  0:33  Probe (Chrono Boost)  
  15  0:38  Forge  
  15  0:43  Probe (Chrono Boost)  
  16  0:51  Pylon  
  16  1:06  Gateway  
  16  1:22  Photon Cannon  
  16  1:25  Photon Cannon  
  16  1:42  Photon Cannon  
  16  1:58  Photon Cannon  
  16  2:04  Assimilator  
  16  2:12  Nexus  
  16  2:23  Photon Cannon  
  16  2:32  Pylon  
  16  2:34  Pylon  
  16  2:44  Pylon  
  16  3:04  Photon Cannon  
  16  3:09  Photon Cannon  
  16  3:12  Probe (Chrono Boost)  
  17  3:25  Pylon  
  18  3:34  Probe (Chrono Boost)  
  18  3:45  Probe (Chrono Boost)  
  18  3:51  Cybernetics Core  
  18  3:54  Assimilator  
  18  3:55  Probe (Chrono Boost)  
  19  4:06  Probe (Chrono Boost)  
  20  4:12  Probe (Chrono Boost)  
  20  4:16  Probe (Chrono Boost)  
  22  4:21  Assimilator  
  22  4:22  Probe (Chrono Boost)  
  23  4:27  Probe (Chrono Boost)  
  24  4:33  Probe (Chrono Boost)  
  24  4:37  Probe (Chrono Boost)  
  26  4:43  Probe (Chrono Boost)  
  27  4:48  Probe (Chrono Boost)  
  27  4:49  Nexus  
  28  4:57  Probe (Chrono Boost)  
  29  5:07  Probe  
  29  5:09  Warp Gate  
  29  5:10  Probe  
  24  5:22  Probe  
  25  5:42  Photon Cannon  
  25  5:51  Photon Cannon  
  25  5:53  Photon Cannon  
  25  5:54  Pylon  
  24  6:29  Pylon  
  24  6:46  Assimilator  
  24  6:51  Twilight Council  
  24  6:55  Assimilator  
  24  6:57  Probe  
  25  7:06  Nexus  
  25  7:08  Probe  
  25  7:14  Pylon  
  26  7:18  Probe  
  27  7:29  Probe  
  28  7:39  Probe  
  29  7:47  Photon Cannon  
  29  7:49  Photon Cannon  
  29  7:59  Probe  
  30  8:07  Stalker  
  30  8:09  Probe  
  31  8:20  Probe  
  31  8:23  Pylon  
  30  8:28  Dark Shrine  
  30  8:31  Probe  
  31  8:39  Gateway  
  28  8:41  Probe  
  28  8:43  Gateway  
  28  8:46  Gateway  
  16  9:11  Mothership Core  
  13  9:32  Probe  
  14  9:39  Probe  
  14  9:42  Probe  
  16  9:53  Probe, Dark Templar x2  
  21  10:01  Assimilator  
  21  10:03  Probe  
  22  10:11  Pylon  
  22  10:14  Probe  
  22  10:31  Pylon  
  22  10:35  Pylon  
  22  10:48  Dark Templar  
  24  10:59  Dark Templar  
  26  11:11  Forge  
  26  11:26  Dark Templar  
  28  11:54  Dark Templar  
  24  12:20  Probe  
  23  12:23  Forge  
  23  12:30  Probe  
  23  12:35  Pylon  
  24  12:41  Probe  
  24  12:42  Dark Templar  
  27  12:44  Zealot  
  29  12:51  Probe  
  30  13:02  Probe  
  30  13:03  Photon Cannon  
  23  13:24  Dark Templar x2  
Show
View Real Time Build Order
Export as new Build Order

zidar Zerg - Winner!

Build Orders: Pool First 

Get SALT Encoding   

  12  0:02  Drone  
  13  0:12  Overlord  
  13  0:17  Drone  
  14  0:30  Drone x2  
  14  0:34  Drone  
  17  0:47  Spawning Pool  
  17  0:49  Drone  
  17  1:20  Hatchery  
  16  1:43  Zergling x6  
  19  2:10  Zergling x2  
  19  2:11  Zergling x2  
  21  2:20  Drone  
  22  2:28  Extractor  
  22  2:29  Overlord  
  21  2:31  Queen, Extractor  
  24  2:40  Extractor  
  24  2:43  Overlord  
  22  3:16  Queen  
  22  3:18  Evolution Chamber  
  22  3:31  Zergling x6  
  24  3:37  Queen  
  24  3:40  Zergling x2  
  24  3:41  Zergling x10  
  32  3:53  Metabolic Boost  
  32  4:21  Drone x6  
  37  5:46  Zergling x2  
  37  5:47  Zergling x10  
  43  5:59  Roach Warren  
  34  6:39  Roach  
  39  6:40  Roach x5  
  43  6:50  Overlord x5  
  43  6:54  Lair  
  43  6:57  Extractor  
  42  7:11  Hatchery  
  41  7:16  Drone x5  
  43  7:42  Ravager x4  
  43  7:43  Ravager  
  48  7:50  Zergling x28  
  36  9:17  Zergling x16  
  36  9:18  Zergling x16  
  50  9:41  Roach x5  
  57  10:00  Zerg Missile Weapons Level 1, Hydralisk Den  
  53  10:33  Roach x5  
  63  11:04  Ravager  
  64  11:42  Overseer  
  64  11:43  Overseer  
  64  11:47  Zergling x18  
  67  12:41  Hydralisk Den  
Tags
 
Add a new tag
Caveats
  • Supply blocks, unpowered buildings, or Contaminate may cause inaccurate times.
  • Supply counts are checked every 10 seconds.